 Dungeon Crawl Stone Soup version 0.30-a0-23-ge60ba3568b (webtiles) character file.

Game seed: 1301590205270351702

4 mattiecakes the Insei (level 1, -1/15 HPs)
             Began as a Merfolk Transmuter on Aug 26, 2022.
             Slain by a quokka (2 damage)
             ... on level 1 of the Dungeon.
             The game lasted 00:02:05 (198 turns).

mattiecakes the Insei (Merfolk Transmuter)           Turns: 198, Time: 00:02:05

Health: -1/15      AC:  2    Str: 10    XL:     1   Next: 70%
Magic:  2/3        EV: 12    Int: 12    God:
Gold:   9          SH:  0    Dex: 14    Spells: 3/4 levels left

rFire   . . .      SeeInvis .    d - +0 dagger
rCold   . . .      Faith    .    (no shield)
rNeg    . . .      Spirit   .    a - +0 robe
rPois   .          Reflect  .    (helmet currently unavailable)
rElec   .          Harm     .    (no cloak)
rCorr   .          Rampage  .    (no gloves)
Will    .....                    (boots currently unavailable)
Stlth   +.........               (no amulet)
HPRegen 0.05/turn                (no ring)
MPRegen 0.08/turn                (no ring)

@: appendages
A: horns 2, (nimble swimmer 2), mertail
a: End Transformation


You were on level 1 of the Dungeon.
You had temporarily grown beastly horns.
You visited 1 branch of the dungeon, and saw 1 of its levels.

You collected 9 gold pieces.

Inventory:

Hand Weapons
 d - a +0 dagger (weapon)
Armour
 a - a +0 robe (worn)
Scrolls
 e - a scroll of identify {unknown}
 f - a scroll of immolation {unknown}
 g - a scroll of blinking {unknown}
Potions
 b - a potion of lignification
 c - 2 potions of flight {unknown}


   Skills:
 + Level 1.2 Fighting
 + Level 2.8 Dodging
 + Level 3.3 Unarmed Combat
 + Level 2.0 Spellcasting
 + Level 2.8 Transmutations


You had 3 spell levels left.
You knew the following spells:

 Your Spells              Type           Power      Damage    Failure   Level
a - Beastly Appendage     Tmut           16%        N/A       9%          1

Your spell library contained the following spells:

 Spells                   Type           Power      Damage    Failure   Level
 Wereblood                Tmut           8%         N/A       13%         2
 Spider Form              Tmut/Pois      4%         N/A       41%         3
 Ice Form                 Ice/Tmut       4%         N/A       83%         4


Dungeon Overview and Level Annotations

Branches:
Dungeon (1/15)

Altars:


Innate Abilities, Weirdness & Mutations

You have temporarily grown beastly horns.
((You are very nimble when in or above water. (Stealth+, EV+, Speed+++)))
Your lower body shifts to a powerful aquatic tail in water.


Message History

Your horns disappear.
You open the door.
There is an open door here.
A goblin comes into view. It is wielding a +0 dagger.
Found 14 gold pieces.
The goblin shouts!
A goblin is nearby!
Found 9 gold pieces.
A giant cockroach comes into view.
A quokka comes into view.
The goblin hits you with a +0 dagger.
You hit the goblin but do no damage. The goblin hits you with a +0 dagger.
You hit the goblin.
You kill the goblin!
The quokka bites you. The quokka barely misses you.
Things that are here:
a +0 dagger; a scroll labelled OMAMNA GAESI; a goblin corpse You are too injured to fight recklessly!
You are too injured to fight recklessly!
You are too injured to fight recklessly!
Casting: Beastly Appendage (safe; 9% risk of failure)
Confirm with . or Enter, or press ? or * to list all spells.
You grow a pair of large bovine horns.
The quokka bites you. The giant cockroach closely misses you.
You are too injured to fight recklessly!
You are too injured to fight recklessly!
You are too injured to fight recklessly!
You hit the giant cockroach.
The giant cockroach is severely wounded.
The quokka closely misses you. The giant cockroach bites you.
* * * LOW HITPOINT WARNING * * *
You hit the giant cockroach but do no damage.
Your headbutt misses the giant cockroach.
The giant cockroach is severely wounded.
The giant cockroach closely misses you. The quokka bites you.
* * * LOW HITPOINT WARNING * * *
You hit the giant cockroach.
You kill the giant cockroach!
The quokka bites you.
You die...

...........###.# ..
.....P♣PP.P......
#.#####.....♣♣♣.P..##.#
#.......##.P.♣P...###..
#.......##..P.P...##..♣
#...........PPP...#...♣
.#..............#......♣
....$...........#....#.♣
#....r@...###'###...#.♣
#.....†.### #.# #...#.♣
.........# #.# #...#.♣
.#..##.... ... .......
... ....≈≈≈ ≈≈.........
.. ....................
# .$####.~~~....# ..
#.#..~#..#


You could see a quokka.

Vanquished Creatures
  2 giant cockroaches (D:1)
  2 goblins (D:1)
  A bat (D:1)
  A rat (D:1)
6 creatures vanquished.

Notes
Turn   | Place    | Note
-------+----------+-------------------------------------------
     0 | D:1      | mattiecakes the Merfolk Transmuter began the quest for the
                  | Orb.
     0 | D:1      | Reached XP level 1. HP: 15/15 MP: 3/3
   198 | D:1      | Slain by a quokka

Illustrated notes

Levels and vault maps discovered:
D:1:      evilmike_arrival_crescent, layout_basic,
          ebering_ecumenical_altar_rust, serial_forest,
          infiniplex_forest_clump_long, infiniplex_forest_clump_double,
          infiniplex_forest_clump_large, infiniplex_forest_straight_3,
          infiniplex_forest_end_3, infiniplex_forest_zigzag_2,
          infiniplex_forest_straight_2, corner_web_ring,
          corexii_leaking_fountain, nicolae_concentric_dashed_squares_wild,
          roderic_serpentine_path, chequers_serial_rivers_micro_e

Action                   || total
-------------------------++-------
Melee: Dagger            ||    18
       Unarmed           ||     4
       Punch             ||     1
 Cast: Beastly Appendage ||     3
 Stab: Sleeping          ||     1
Armor: Robe              ||     5
Dodge: Dodged            ||    19

Table legend: (Time is in decaauts)
 A = Elapsed time spent in this place.
 B = Non-inter-level travel time spent in this place.
 C = Inter-level travel time spent in this place.
 D = Time resting spent in this place.
 E = Time spent auto-exploring this place.
 F = Levels seen in this place.
 G = Mean time per level.
                   A        B        C        D        E       F      G
               +--------+--------+--------+--------+--------+-----+--------+
         Total |    197 |    197 |      0 |      0 |    133 |   1 |  197.0 |
       Dungeon |    197 |    197 |      0 |      0 |    133 |   1 |  197.0 |
               +--------+--------+--------+--------+--------+-----+--------+

Top non-repeatable levels by time:
     D:1: 197 daAuts
